team 1 (winner)
AlasPoorYorick (
red | 114 APM | 2963 actions | 25:55)
5 Keeper of the Grove
3 Entangling Roots
2 Thorns Aura
5 Priestess of the Moon
3 Trueshot Aura
2 Searing Arrows
» actions
| Assign group hotkey | 34 | |
| Basic commands | 252 | |
| Build / train | 99 | |
| ESC pressed | 3 | |
| Enter build submenu | 16 | |
| Enter hero's abilities submenu | 10 | |
| Remove unit from queue | 2 | |
| Right click | 1423 | |
| Select / deselect | 437 | |
| Select group hotkey | 599 | |
| Use ability | 88 | |
2963 total
» units
| Wisp | 20 | |
| Archer | 18 | |
| Hippogryph | 16 | |
| Druid of the Talon | 2 | |
| Chimaera | 5 | |
61 total
» upgrades
| Improved Bows | 1 | |
| Strength of the Moon | 3 | |
| Hippogryph Taming | 1 | |
| Moon Armor | 3 | |
| Ultravision | 1 | |
| Marksmanship | 1 | |
| Well Spring | 1 | |
| Corrosive Breath | 1 | |
| Strength of the Wild | 3 | |
| Reinforced Hides | 2 | |
| Nature's Blessing | 1 | |
18 total
» buildings
| Altar of Elders | 1 | |
| Moon Well | 6 | |
| Ancient of War | 1 | |
| Tree of Ages | 1 | |
| Hunter's Hall | 1 | |
| Ancient of Wind | 2 | |
| Tree of Life | 1 | |
| Tree of Eternity | 1 | |
| Chimaera Roost | 1 | |
| Ancient of Wonders | 1 | |
| Ancient Protector | 1 | |
17 total
» build order
00:05 Altar of Elders
00:18 Moon Well
00:48 Moon Well
01:47 Ancient of War
03:28 Tree of Ages
03:40 Moon Well
05:07 Moon Well
05:47 Hunter's Hall
05:57 Moon Well
06:28 Ancient of Wind
07:49 Tree of Life
10:12 Tree of Eternity
10:26 Moon Well
12:40 Chimaera Roost
12:56 Ancient of Wonders
18:10 Ancient of Wind
23:49 Ancient Protector
» items
| Scroll of Town Portal | 1 | |
| Orb of Venom | 1 | |
| Staff of Preservation | 1 | |
3 total

»
MasonryUpgrade (
green | 82 APM | 2116 actions | 25:55)
6 Lich
3 Frost Nova
2 Frost Armor
1 Death and Decay
» actions
| Assign group hotkey | 251 | |
| Basic commands | 10 | |
| Build / train | 68 | |
| Enter build submenu | 35 | |
| Enter hero's abilities submenu | 6 | |
| Give item / drop item | 7 | |
| Remove unit from queue | 1 | |
| Right click | 1171 | |
| Select / deselect | 411 | |
| Select group hotkey | 43 | |
| Use ability | 112 | |
2116 total
» units
| Acolyte | 13 | |
| Ghoul | 10 | |
| Frost Wyrm | 10 | |
33 total
» upgrades
| Creature Attack | 2 | |
| Freezing Breath | 1 | |
| Creature Carapace | 1 | |
4 total
» buildings
| Crypt | 1 | |
| Altar of Darkness | 1 | |
| Ziggurat | 8 | |
| Tomb of Relics | 4 | |
| Nerubian Tower | 1 | |
| Halls of the Dead | 2 | |
| Graveyard | 2 | |
| Spirit Tower | 3 | |
| Black Citadel | 3 | |
| Sacrificial Pit | 1 | |
| Boneyard | 3 | |
| Necropolis | 4 | |
33 total
» build order
00:05 Crypt
00:08 Altar of Darkness
00:23 Ziggurat
00:50 Tomb of Relics
00:52 Tomb of Relics
01:21 Ziggurat
02:15 Nerubian Tower
03:38 Halls of the Dead
03:41 Graveyard
04:02 Ziggurat
05:06 Spirit Tower
05:07 Spirit Tower
06:01 Black Citadel
06:02 Black Citadel
09:57 Sacrificial Pit
11:18 Boneyard
11:21 Boneyard
11:22 Boneyard
12:45 Ziggurat
12:46 Ziggurat
12:48 Ziggurat
16:22 Necropolis
16:52 Necropolis
19:01 Ziggurat
19:06 Necropolis
21:40 Halls of the Dead
22:45 Graveyard
23:13 Tomb of Relics
23:17 Tomb of Relics
24:28 Necropolis
24:55 Ziggurat
24:58 Black Citadel
» items
| Rod of Necromancy | 2 | |
| Potion of Healing | 2 | |
| Potion of Mana | 3 | |
| Boots of Speed | 1 | |
| Staff of Teleportation | 1 | |
| Orb of Corruption | 1 | |
| Scroll of Regeneration | 1 | |
| Lesser Clarity Potion | 1 | |
12 total
RoganJosh.Yum (
pink | 112 APM | 2908 actions | 25:56)
7 Blademaster
3 Wind Walk
3 Critical Strike
1 Bladestorm
» actions
| Assign group hotkey | 549 | |
| Basic commands | 7 | |
| Build / train | 74 | |
| ESC pressed | 6 | |
| Enter build submenu | 57 | |
| Enter hero's abilities submenu | 7 | |
| Give item / drop item | 3 | |
| Right click | 1143 | |
| Select / deselect | 288 | |
| Select group hotkey | 631 | |
| Use ability | 143 | |
2908 total
» units
» upgrades
| Spiked Barricades | 1 | |
| Armor | 4 | |
| Ranged Weapons | 3 | |
| Reinforced Defenses | 1 | |
| Liquid Fire | 1 | |
10 total
» buildings
| Altar of Storms | 1 | |
| Orc Burrow | 4 | |
| War Mill | 2 | |
| Watch Tower | 36 | |
| Voodoo Lounge | 2 | |
| Stronghold | 2 | |
| Beastiary | 7 | |
| Fortress | 2 | |
| Great Hall | 1 | |
57 total
» build order
00:02 Altar of Storms
00:12 Orc Burrow
00:20 War Mill
01:46 Watch Tower
01:52 Watch Tower
02:18 Orc Burrow
02:30 Watch Tower
02:45 Watch Tower
02:45 Watch Tower
03:19 Watch Tower
03:27 Watch Tower
03:39 Voodoo Lounge
03:54 Watch Tower
04:04 Watch Tower
04:12 Watch Tower
04:15 Watch Tower
04:43 Watch Tower
04:47 Watch Tower
04:50 Watch Tower
04:58 Voodoo Lounge
05:15 Watch Tower
05:16 Watch Tower
05:45 Stronghold
05:45 Stronghold
06:26 Watch Tower
06:27 Watch Tower
06:30 Watch Tower
07:24 Orc Burrow
08:20 Watch Tower
08:21 Watch Tower
08:25 Beastiary
08:27 Beastiary
08:30 Beastiary
08:38 Fortress
08:38 Fortress
09:37 Watch Tower
09:38 Watch Tower
09:38 Watch Tower
09:39 Watch Tower
10:32 Watch Tower
10:34 Watch Tower
11:35 Orc Burrow
12:02 Watch Tower
12:03 Watch Tower
12:04 Watch Tower
12:05 Watch Tower
12:25 Watch Tower
12:26 Watch Tower
14:50 Great Hall
15:32 Watch Tower
15:33 Watch Tower
15:33 Watch Tower
20:20 Beastiary
20:24 Beastiary
23:28 Beastiary
23:29 Beastiary
23:47 War Mill
» items
| Healing Salve | 1 | |
| Lesser Clarity Potion | 1 | |
| Scroll of Speed | 1 | |
| Circlet of Nobility | 1 | |
| Boots of Speed | 1 | |
| Orb of Lightning | 1 | |
6 total
TIMG4STRok (
blue | 79 APM | 2049 actions | 25:55)
7 Paladin
3 Holy Light
2 Devotion Aura
2 Divine Shield
3 Goblin Alchemist
2 Acid Bomb
1 Chemical Rage
» actions
| Assign group hotkey | 10 | |
| Basic commands | 16 | |
| Build / train | 86 | |
| ESC pressed | 1 | |
| Enter build submenu | 53 | |
| Enter hero's abilities submenu | 10 | |
| Give item / drop item | 6 | |
| Right click | 1102 | |
| Select / deselect | 222 | |
| Select group hotkey | 396 | |
| Use ability | 147 | |
2049 total
» units
» upgrades
| Masonry | 3 | |
| Lumber Harvesting | 1 | |
| Magic Sentry | 1 | |
| Armor | 3 | |
| Swords | 3 | |
| Cloud | 1 | |
| Storm Hammers | 1 | |
| Control Magic | 1 | |
| Priest Training | 1 | |
| Sorceress Training | 1 | |
16 total
» buildings
| Altar of Kings | 1 | |
| Lumber Mill | 1 | |
| Farm | 4 | |
| Scout Tower | 52 | |
| Arcane Tower | 2 | |
| Guard Tower | 17 | |
| Keep | 1 | |
| Town Hall | 2 | |
| Arcane Vault | 1 | |
| Castle | 1 | |
| Blacksmith | 1 | |
| Arcane Sanctum | 1 | |
| Gryphon Aviary | 2 | |
86 total
» build order
00:07 Altar of Kings
00:14 Lumber Mill
00:21 Farm
00:55 Farm
01:19 Scout Tower
01:35 Farm
01:46 Scout Tower
01:48 Arcane Tower
02:14 Guard Tower
03:10 Scout Tower
03:33 Scout Tower
03:36 Scout Tower
03:43 Scout Tower
03:46 Arcane Tower
04:15 Guard Tower
04:18 Scout Tower
04:18 Scout Tower
04:19 Scout Tower
04:44 Guard Tower
04:57 Guard Tower
05:14 Guard Tower
06:34 Guard Tower
06:38 Scout Tower
06:39 Scout Tower
06:44 Scout Tower
06:49 Keep
07:12 Scout Tower
07:12 Scout Tower
07:24 Guard Tower
07:30 Scout Tower
07:32 Scout Tower
07:41 Guard Tower
08:10 Guard Tower
09:26 Town Hall
09:40 Scout Tower
09:41 Scout Tower
09:42 Scout Tower
09:43 Scout Tower
09:44 Scout Tower
09:48 Scout Tower
09:51 Scout Tower
09:51 Scout Tower
09:53 Scout Tower
09:54 Scout Tower
10:00 Arcane Vault
10:03 Castle
10:21 Blacksmith
10:30 Guard Tower
10:33 Guard Tower
10:42 Guard Tower
11:35 Arcane Sanctum
11:42 Farm
13:18 Scout Tower
13:18 Scout Tower
13:25 Scout Tower
17:05 Guard Tower
17:08 Gryphon Aviary
17:08 Gryphon Aviary
19:25 Scout Tower
19:25 Scout Tower
19:54 Guard Tower
19:55 Scout Tower
19:56 Scout Tower
20:00 Scout Tower
20:00 Scout Tower
20:01 Scout Tower
20:02 Scout Tower
20:03 Scout Tower
20:03 Scout Tower
20:04 Scout Tower
20:05 Scout Tower
21:40 Guard Tower
22:34 Guard Tower
22:39 Scout Tower
22:39 Scout Tower
22:41 Scout Tower
22:42 Scout Tower
22:43 Scout Tower
22:43 Scout Tower
23:11 Guard Tower
24:05 Town Hall
24:11 Scout Tower
24:15 Scout Tower
24:15 Scout Tower
24:16 Scout Tower
24:18 Scout Tower
» items
| Boots of Speed | 2 | |
| Staff of Teleportation | 2 | |
| Potion of Lesser Invulnerability | 1 | |
| Potion of Healing | 5 | |
| Scroll of Healing | 3 | |
| Orb of Corruption | 1 | |
| Scroll of Regeneration | 1 | |
| Lesser Clarity Potion | 1 | |
| Staff of Sanctuary | 2 | |
18 total
team 2 (loser)
Bibabo (
purple | 68 APM | 1718 actions | 25:20)
5 Far Seer
3 Feral Spirit
2 Chain Lighting
» actions
| Assign group hotkey | 23 | |
| Basic commands | 19 | |
| Build / train | 54 | |
| Enter build submenu | 37 | |
| Enter hero's abilities submenu | 5 | |
| Remove unit from queue | 1 | |
| Right click | 726 | |
| Select / deselect | 393 | |
| Select group hotkey | 383 | |
| Use ability | 77 | |
1718 total
» units
| Peon | 15 | |
| Grunt | 5 | |
| Demolisher | 3 | |
| Raider | 5 | |
| Tauren | 2 | |
| Troll Batrider | 8 | |
38 total
» upgrades
| Ensnare | 1 | |
| Burning Oil | 1 | |
| Witch Doctor Training | 1 | |
| Spirit Walker Training | 1 | |
4 total
» buildings
| Altar of Storms | 1 | |
| Orc Burrow | 11 | |
| Barracks | 1 | |
| Voodoo Lounge | 3 | |
| Stronghold | 2 | |
| War Mill | 1 | |
| Beastiary | 3 | |
| Great Hall | 6 | |
| Fortress | 2 | |
| Spirit Lodge | 1 | |
| Tauren Totem | 2 | |
| Watch Tower | 2 | |
35 total
» build order
00:09 Altar of Storms
00:20 Orc Burrow
00:40 Barracks
01:33 Orc Burrow
02:35 Voodoo Lounge
03:44 Stronghold
03:58 Voodoo Lounge
04:02 Voodoo Lounge
06:08 War Mill
06:14 Beastiary
07:36 Orc Burrow
07:40 Orc Burrow
08:31 Great Hall
08:43 Orc Burrow
08:46 Orc Burrow
09:20 Fortress
11:31 Spirit Lodge
12:44 Tauren Totem
13:48 Tauren Totem
14:07 Orc Burrow
14:08 Orc Burrow
16:55 Great Hall
17:35 Orc Burrow
17:37 Orc Burrow
17:40 Watch Tower
17:41 Watch Tower
17:54 Great Hall
19:20 Great Hall
19:29 Stronghold
20:28 Great Hall
21:54 Fortress
21:57 Beastiary
22:10 Beastiary
23:03 Great Hall
24:00 Orc Burrow
» items
DaGeni (
yellow | 65 APM | 1667 actions | 25:31)
5 Demon Hunter
3 Mana Burn
2 Evasion
» actions
| Assign group hotkey | 34 | |
| Basic commands | 1 | |
| Build / train | 87 | |
| Enter build submenu | 28 | |
| Enter hero's abilities submenu | 5 | |
| Give item / drop item | 4 | |
| Remove unit from queue | 2 | |
| Right click | 889 | |
| Select / deselect | 387 | |
| Select group hotkey | 157 | |
| Use ability | 73 | |
1667 total
» units
| Wisp | 34 | |
| Huntress | 3 | |
| Hippogryph | 5 | |
| Chimaera | 3 | |
| Druid of the Claw | 1 | |
46 total
» upgrades
| Druid of the Talon Training | 2 | |
| Strength of the Wild | 2 | |
| Reinforced Hides | 3 | |
| Hardened Skin | 1 | |
| Resistant Skin | 1 | |
| Corrosive Breath | 1 | |
| Druid of the Claw Training | 2 | |
| Abolish Magic | 1 | |
| Mark of the Claw | 1 | |
| Improved Bows | 1 | |
| Marksmanship | 1 | |
| Strength of the Moon | 1 | |
| Moon Armor | 1 | |
18 total
» buildings
| Altar of Elders | 1 | |
| Moon Well | 12 | |
| Hunter's Hall | 1 | |
| Ancient of War | 3 | |
| Ancient of Wonders | 1 | |
| Tree of Ages | 1 | |
| Tree of Eternity | 1 | |
| Ancient of Wind | 3 | |
| Ancient of Lore | 3 | |
| Tree of Life | 1 | |
| Chimaera Roost | 2 | |
29 total
» build order
00:08 Altar of Elders
00:23 Moon Well
01:37 Hunter's Hall
01:42 Ancient of War
01:59 Moon Well
02:13 Ancient of Wonders
02:30 Moon Well
03:59 Tree of Ages
04:31 Moon Well
04:52 Moon Well
06:32 Tree of Eternity
06:37 Ancient of Wind
07:44 Ancient of Lore
08:22 Tree of Life
09:27 Chimaera Roost
09:33 Chimaera Roost
09:44 Moon Well
09:52 Moon Well
13:02 Ancient of Lore
15:32 Ancient of Lore
15:47 Moon Well
15:51 Moon Well
18:55 Ancient of Wind
18:59 Ancient of Wind
20:13 Ancient of War
20:18 Ancient of War
24:21 Moon Well
24:25 Moon Well
24:31 Moon Well
» items
| Scroll of Town Portal | 4 | |
| Potion of Healing | 2 | |
| Boots of Speed | 1 | |
| Periapt of Vitality | 1 | |
| Orb of Venom | 1 | |
| Scroll of Regeneration | 2 | |
| Orb of Fire | 1 | |
12 total
Sexyboom (
teal | 64 APM | 1669 actions | 25:55)
5 Archmage
3 Summon Water Elemental
2 Brilliance Aura
» actions
| Assign group hotkey | 63 | |
| Build / train | 125 | |
| Enter build submenu | 28 | |
| Enter hero's abilities submenu | 5 | |
| Give item / drop item | 1 | |
| Right click | 860 | |
| Select / deselect | 344 | |
| Select group hotkey | 176 | |
| Use ability | 67 | |
1669 total
» units
| Peasant | 13 | |
| Footman | 13 | |
| Rifleman | 4 | |
| Mortar Team | 14 | |
| Knight | 4 | |
| Flying Machine | 50 | |
98 total
» upgrades
| Lumber Harvesting | 1 | |
| Swords | 2 | |
| Plating | 2 | |
| Armor | 1 | |
| Gunpowder | 1 | |
| Animal War Training | 1 | |
| Flak Cannons | 1 | |
| Flying Machine Bombs | 1 | |
10 total
» buildings
| Altar of Kings | 1 | |
| Farm | 13 | |
| Barracks | 2 | |
| Arcane Vault | 1 | |
| Keep | 3 | |
| Blacksmith | 1 | |
| Workshop | 3 | |
| Town Hall | 1 | |
| Lumber Mill | 1 | |
| Castle | 1 | |
27 total
» build order
00:07 Altar of Kings
00:10 Farm
00:46 Barracks
00:51 Farm
01:50 Farm
02:50 Arcane Vault
03:28 Farm
03:29 Farm
04:19 Keep
04:19 Keep
04:19 Keep
04:24 Blacksmith
06:36 Farm
07:28 Farm
07:35 Workshop
07:39 Workshop
09:06 Farm
09:08 Farm
09:34 Town Hall
09:53 Lumber Mill
12:01 Farm
12:02 Farm
13:59 Farm
14:00 Farm
16:25 Castle
17:54 Barracks
21:54 Workshop
» items
| Lesser Clarity Potion | 2 | |
| Scroll of Regeneration | 3 | |
5 total
Shipantaru (
orange | 71 APM | 1788 actions | 25:09)
3 Death Knight
2 Death Coil
1 Unholy Aura
1 Lich
1 Frost Nova
» actions
| Assign group hotkey | 29 | |
| Build / train | 66 | |
| Enter build submenu | 18 | |
| Enter hero's abilities submenu | 4 | |
| Remove unit from queue | 9 | |
| Right click | 823 | |
| Select / deselect | 228 | |
| Select group hotkey | 564 | |
| Use ability | 47 | |
1788 total
» units
| Acolyte | 5 | |
| Crypt Fiend | 18 | |
| Ghoul | 3 | |
| Obsidian Statue | 9 | |
35 total
» upgrades
| Creature Carapace | 2 | |
| Creature Attack | 2 | |
| Burrow | 1 | |
| Web | 1 | |
| Unholy Armor | 0 | |
| Destroyer Form | 1 | |
7 total
» buildings
| Graveyard | 1 | |
| Crypt | 3 | |
| Ziggurat | 7 | |
| Altar of Darkness | 1 | |
| Tomb of Relics | 1 | |
| Halls of the Dead | 1 | |
| Slaughterhouse | 1 | |
| Black Citadel | 1 | |
| Spirit Tower | 1 | |
17 total
» build order
00:13 Graveyard
00:18 Crypt
00:23 Crypt
00:26 Ziggurat
01:11 Altar of Darkness
01:56 Ziggurat
02:37 Tomb of Relics
04:02 Ziggurat
07:47 Ziggurat
08:37 Halls of the Dead
10:15 Ziggurat
11:15 Slaughterhouse
13:21 Black Citadel
15:43 Ziggurat
15:44 Ziggurat
16:05 Spirit Tower
23:08 Crypt
» items
| Dust of Appearance | 1 | |
| Potion of Healing | 1 | |
| Potion of Mana | 1 | |
| Scroll of Town Portal | 2 | |
| Scroll of Healing | 1 | |
6 total